 Dungeon Crawl Stone Soup version 0.25-a0-577-ga4619f409e (webtiles) character file.

Game seed: 14872577945607362484, levelgen mode: deterministic

238 kae the Sneak (level 5, 0/35 HPs)
             Began as a Vampire Enchanter on Mar 2, 2020.
             Slain by an orc wizard
             ... wielding a +0 dagger of pain
              (6 damage)
             ... on level 3 of the Dungeon.
             The game lasted 00:02:35 (2903 turns).

kae the Sneak (Vampire Enchanter)                   Turns: 2903, Time: 00:02:35

Health: 0/35       AC:  2    Str:  8      XL:     5   Next: 78%
Magic:  5/18       EV: 12    Int: 15 (18) God:
Gold:   92         SH:  0    Dex: 11 (14) Spells: 4/10 levels left

rFire    . . .     SeeInvis +   k - +2 dagger (elec)
rCold    . . .     Gourm    .   (no shield)
rNeg     . . .     Faith    .   b - +0 robe
rPois    .         Spirit   .   (no helmet)
rElec    .         Reflect  .   (no cloak)
rCorr    .         Harm     .   (no gloves)
MR       .....                  (no boots)
Stlth    +++.......             (no amulet)
HPRegen  0.31/turn              g - ring of magical power
MPRegen  0.16/turn              (no ring)

@: very slightly contaminated, regenerating quickly
A: no food, fangs 3, see invisible, unbreathing
a: Exsanguinate


You were on level 3 of the Dungeon.
You were alive.

You visited 1 branch of the dungeon, and saw 3 of its levels.

You collected 92 gold pieces.

Inventory:

Hand Weapons
 a - a +1 dagger
 d - a +1 dagger of protection
 k - a +2 dagger of electrocution (weapon)
Armour
 b - a +0 robe (worn)
Jewellery
 g - a ring of magical power (left hand)
 h - an uncursed ring of protection from cold {unknown}
 n - an uncursed ring of positive energy {unknown}
Potions
 c - 2 potions of ambrosia
 e - 2 potions of flight {unknown}
 i - a potion of haste {unknown}
 l - a potion of mutation {unknown}


   Skills:
 * Level 4.0 Short Blades
 - Level 2.1 Dodging
 + Level 6.0 Stealth
 + Level 3.1 Spellcasting
 + Level 5.7 Hexes


You had 4 spell levels left.
You knew the following spells:

 Your Spells              Type           Power        Failure   Level  Hunger
a - Corona                Hex            ###....      1%          1    N/A
b - Ensorcelled Hibernat  Hex/Ice        ##....       10%         2    N/A
c - Confusing Touch       Hex            ###.....     5%          3    N/A

Your spell library contained the following spells:

 Spells                   Type           Power        Failure   Level  Hunger
 Tukima's Dance           Hex            ###.....     5%          3    N/A
 Dazzling Flash           Conj/Hex       ##....       19%         3    N/A

Dungeon Overview and Level Annotations

Branches:
Dungeon (3/15)

Altars:
Sif Muna


Innate Abilities, Weirdness & Mutations

You do not eat.
Your natural rate of healing is unusually fast.
You have razor-sharp teeth.
You have supernaturally acute eyesight. (SInv)
You can survive without breathing.


Message History

Aim: an orc wizard, wielding a +0 dagger of pain and wearing a +0 robe (lightly wounded, fast, chance to defeat MR: 41%)
The orc wizard resists with some effort.
The orc wizard misses you. The orc wizard closely misses you.
Casting: Ensorcelled Hibernation (safe; 10% risk of failure)
Confirm with . or Enter, or press ? or * to list all spells.
Aiming: Ensorcelled Hibernation (safe; 10% risk of failure)
Press: ? - help, Shift-Dir - straight line, f/p - orc wizard
Aim: an orc wizard, wielding a +0 dagger of pain and wearing a +0 robe (lightly wounded, fast, chance to defeat MR: 41%)
You miscast Ensorcelled Hibernation.
Nothing appears to happen.
The orc wizard points at you and mumbles some strange words.
The magic dart hits you.
* * * LOW HITPOINT WARNING * * *
Casting: Ensorcelled Hibernation (safe; 10% risk of failure)
Confirm with . or Enter, or press ? or * to list all spells.
Aiming: Ensorcelled Hibernation (safe; 10% risk of failure)
Press: ? - help, Shift-Dir - straight line, f/p - orc wizard
Aim: an orc wizard, wielding a +0 dagger of pain and wearing a +0 robe (lightly wounded, fast, chance to defeat MR: 41%)
The orc wizard resists with some effort.
The orc wizard hits you with a +0 dagger of pain.
You die...

....##............#############.#
....''...........................
....##.....†..†...#############.#
....##.....######## #.#
...>++.....'...... . ..#
....##.....####### .. ....
....##..†..# ... .....
....##.....####### .... ......
######..........@# ..... ......
########........o##......
..................).o............
...♣♣♣...♣♣♣.....)...............
♣.♣# #♣.♣# #♣....................
♣.♣ ♣.♣ ♣....#...............
♣.♣# #♣.♣# ♣....#...............
...♣♣♣...♣♣♣.....#...............
...)......♣......#...............


You could see an orc wizard.

Vanquished Creatures
  An orc priest (D:3)
  An orc wizard (D:3)
  Natasha (thrice) (D:2)
  3 adders
  3 dart slugs
  2 leopard geckos
  8 orcs (D:3)
  2 ball pythons
  9 bats
  4 goblins
  12 hobgoblins
  3 frilled lizards
  10 kobolds
  A rat (D:1)
62 creatures vanquished.

Notes
Turn   | Place    | Note
-------+----------+-------------------------------------------
     0 | D:1      | kae the Vampire Enchanter began the quest for the Orb.
     0 | D:1      | Reached XP level 1. HP: 13/13 MP: 3/3
   424 | D:1      | Reached XP level 2. HP: 19/19 MP: 5/5
   865 | D:2      | Reached XP level 3. HP: 22/24 MP: 2/6
  1011 | D:2      | Reached skill level 5 in Stealth
  1304 | D:2      | Reached skill level 5 in Hexes
  1473 | D:2      | Noticed Natasha
  1512 | D:3      | Learned a level 3 spell: Confusing Touch
  1515 | D:3      | Learned a level 2 spell: Ensorcelled Hibernation
  1523 | D:2      | Killed Natasha
  1523 | D:2      | Reached XP level 4. HP: 3/30 MP: 4/7
  1638 | D:2      | Found a shimmering blue altar of Sif Muna.
  1806 | D:2      | Noticed Natasha
  1819 | D:2      | Killed Natasha
  2140 | D:2      | Found a shimmering blue altar of Sif Muna.
  2142 | D:2      | Noticed Natasha
  2153 | D:2      | Killed Natasha
  2153 | D:2      | Reached XP level 5. HP: 22/35 MP: 2/9
  2771 | D:3      | Reached skill level 6 in Stealth
  2903 | D:3      | Slain by an orc wizard

Levels and vault maps discovered:
D:1:      minmay_arrival_pointy, layout_basic, chequers_serial_rivers_small_3
D:2:      layout_basic, led_sif_pool, corner_web_ring, uniq_natasha
D:3:      layout_basic, minmay_stone_trees_large

Skill      XL: |  1  2  3  4  5 |
---------------+----------------+-----
Short Blades   | 2 3 4 |  4.0
Stealth        | 5 6 |  6.0
Hexes          | 5 |  5.7
Spellcasting   | 3 |  3.1
Dodging        | |  2.1

Action                   |  1- 3 |  4- 6 || total
-------------------------+-------+-------++-------
Melee: Dagger            |   183 |    60 ||   243
       Bite              |    13 |     1 ||    14
 Cast: Corona            |     8 |       ||     8
       Ensorcelled Hiber |     1 |    16 ||    17
  Use: Scroll            |       |     4 ||     4
       Potion            |       |     2 ||     2
 Stab: Sleeping          |     6 |    11 ||    17
Armor: Robe              |    51 |     3 ||    54
Dodge: Dodged            |   109 |    29 ||   138

Table legend:
 A = Non-vault XP
 B = Vault XP
 C = Vault XP percentage of total XP
 D = Non-vault monster count
 E = Vault monster count
 F = Vault count percentage of total count
                 A         B        C        D         E       F
            +---------+---------+-------+---------+---------+-------
      Total |     304 |      36 |  10.6 |      61 |       1 |   1.6
            +---------+---------+-------+---------+---------+-------
        D:1 |      33 |       0 |   0.0 |      18 |       0 |   0.0
        D:2 |     133 |      36 |  21.3 |      21 |       1 |   4.5
        D:3 |     138 |       0 |   0.0 |      22 |       0 |   0.0
            +---------+---------+-------+---------+---------+-------
